 Dungeon Crawl Stone Soup version 0.28.0-47-ge53b351184 (webtiles) character file.

Game seed: 5257806804848830159

55 bobregger the Covered (level 4, -8/35 HPs)
             Began as a Human Fighter on Apr 27, 2022.
             Mangled by Crazy Yiuf
             ... wielding a +3 quarterstaff of chaos
              (9 damage)
             ... on level 2 of the Dungeon.
             The game lasted 00:01:58 (1465 turns).

bobregger the Covered (Human Fighter)               Turns: 1465, Time: 00:02:00

Health: -8/35      AC:  6    Str: 18    XL:     4   Next: 14%
Magic:  4/4        EV:  9    Int:  8    God:
Gold:   66         SH:  4    Dex: 13    Spells: 3/3 levels left

rFire   + + .      SeeInvis .   a - +0 war axe
rCold   x . .      Faith    .   (no shield)
rNeg    . . .      Spirit   .   b - +0 scale mail
rPois   .          Reflect  .   (no helmet)
rElec   .          Harm     .   (no cloak)
rCorr   .          Rampage  .   (no gloves)
Will    .....      Rage     1%  (no boots)
Stlth   ..........              (no amulet)
HPRegen 0.11/turn               i - ring of fire
MPRegen 0.09/turn               (no ring)

@: no status effects
A: large bone plates 1, berserk 1, fire resistance 1, MP-powered wands
a: no special abilities


You were on level 2 of the Dungeon.
You visited 1 branch of the dungeon, and saw 2 of its levels.

You collected 66 gold pieces.

Inventory:

Hand Weapons
 a - a +0 war axe (weapon)
Armour
 b - a +0 scale mail (worn)
Jewellery
 i - a ring of fire (left hand)
Scrolls
 e - a scroll of teleportation {unknown}
 f - 2 scrolls of identify {unknown}
 g - a scroll of fog {unknown}
 h - 2 scrolls of immolation {unknown}
 k - a scroll of summoning {unknown}
 m - a scroll of fear {unknown}
Potions
 c - a potion of curing {unknown}
 d - 2 potions of might
 j - a potion of mutation
 l - a potion of resistance {unknown}


   Skills:
 + Level 3.4 Fighting
 * Level 3.2 Axes
 + Level 3.4 Armour
 - Level 3.0 Shields


You had 3 spell levels left.
You didn't know any spells.
Your spell library was empty.

Dungeon Overview and Level Annotations

Branches:
Dungeon (2/15)

Altars:

Shops:
D:1 !

Annotations:
D:2 Crazy Yiuf


Innate Abilities, Weirdness & Mutations

You are partially covered in large bone plates. (SH +4)
You tend to lose your temper in combat.
Your flesh is heat resistant. (rF+)
You expend magic power (3 MP) to strengthen your wands.


Message History

You now have 63 gold pieces (gained 8).
You see here a ball python corpse.
Found 15 bolts.
Found an escape hatch in the floor.
There is an escape hatch in the floor here.
As you open the door, it creaks loudly!
There is an open door here.
You open the door.
You now have 66 gold pieces (gained 3).
You open the door.
There is an open door here.
There is an open door here.
Key pressed, stopping explore.
You see here a ball python skeleton.
Found a mace.
Found a runed translucent door.
Crazy Yiuf shouts!
m - a scroll labelled ANTAN VYESHRITY Crazy Yiuf shouts!
You open the door.
Crazy Yiuf flaps his cloak.
You closely miss Crazy Yiuf.
Crazy Yiuf hits you with a +3 quarterstaff of chaos!
Crazy Yiuf freezes you.
You closely miss Crazy Yiuf. Crazy Yiuf closely misses you.
You slash Crazy Yiuf!
Crazy Yiuf is moderately wounded.
Crazy Yiuf hits you with a +3 quarterstaff of chaos!
Crazy Yiuf freezes you.
Crazy Yiuf says, "Lugonu!
Hack foot bag."
Crazy Yiuf hits you with a +3 quarterstaff of chaos!
* * * LOW HITPOINT WARNING * * *
Crazy Yiuf burns you.
* * * LOW HITPOINT WARNING * * *
It was a potion of mutation.
You feel extremely strange.
You feel resistant to heat.
You feel your magical essence link to the dungeon's wands.
You feel a little pissed off.
Large bone plates grow over parts of your arms.
Crazy Yiuf hits you with a +3 quarterstaff of chaos!
You die...

.#......#.........#
.#......###.......#
.#................#
.#......###########
........# ........#
........#### ###
...........## ###..)#
#...........####@g...#
#............#..##...#
#...........#.### ###
+.......#######
#.......#
#.....(.#########
#...............###
................+.#
.###............#.#


You could see Crazy Yiuf.

Vanquished Creatures
  2 adders (D:2)
  A worm (D:2)
  6 ball pythons
  3 bats
  An endoplasm (D:1)
  2 giant cockroaches (D:2)
  3 hobgoblins (D:1)
  A quokka (D:2)
  2 frilled lizards (D:1)
  5 goblins
  6 kobolds
  2 rats (D:1)
34 creatures vanquished.

Vanquished Creatures (others)
  3 demonic plants (D:1)
  5 fungi (D:1)
  5 plants (D:1)
  A withered plant (D:1)
14 creatures vanquished.

Grand Total: 48 creatures vanquished

Notes
Turn   | Place    | Note
-------+----------+-------------------------------------------
     0 | D:1      | bobregger the Human Fighter began the quest for the Orb.
     0 | D:1      | Reached XP level 1. HP: 18/18 MP: 1/1
   153 | D:1      | Found a faded altar of an unknown god.
   165 | D:1      | Reached XP level 2. HP: 22/24 MP: 2/2
   303 | D:1      | Found Pemninlal's Distillery.
   554 | D:1      | Reached XP level 3. HP: 29/29 MP: 3/3
   944 | D:2      | Reached XP level 4. HP: 35/35 MP: 4/4
  1243 | D:2      | Found a runed translucent door.
  1244 | D:2      | Noticed Crazy Yiuf
  1464 | D:2      | HP: 1/35 [Crazy Yiuf/+3 quarterstaff of chaos (2)]
  1465 | D:2      | Gained mutation: Your flesh is heat resistant. (rF+)
                  | [potion of mutation]
  1465 | D:2      | Gained mutation: You expend magic power (3 MP) to
                  | strengthen your wands. [potion of mutation]
  1465 | D:2      | Gained mutation: You tend to lose your temper in combat.
                  | [potion of mutation]
  1465 | D:2      | Gained mutation: You are partially covered in large bone
                  | plates. (SH +4) [potion of mutation]
  1465 | D:2      | Mangled by Crazy Yiuf

Illustrated notes

Levels and vault maps discovered:
D:1:      minmay_arrival_five_plusses, layout_basic,
          shapermc_ecumenical_altar_gd, serial_shops, shop
D:2:      layout_basic, uniq_crazy_yiuf_cottage

Skill      XL: |  1  2  3 |
---------------+----------+-----
Axes           | 3 |  3.2
Fighting       | |  3.4
Armour         | |  3.4
Shields        | |  3.0

Action                   |  1- 3 |  4- 6 || total
-------------------------+-------+-------++-------
Melee: War axe           |    70 |    14 ||    84
       Punch             |     1 |       ||     1
  Use: Potion            |       |     1 ||     1
Armor: Scale mail        |    57 |     4 ||    61
Dodge: Dodged            |    40 |     6 ||    46
